 Dungeon Crawl Stone Soup version 0.22.0-27-ga576289 (webtiles) character file.

15608 Monsterracer the Cleaver (level 12, -2/114 HPs)
             Began as a Deep Dwarf Skald on Aug 22, 2018.
             Was an Elder of Makhleb.
             Slain by Maurice
             ... wielding a +0 morningstar
              (11 damage)
             ... on level 9 of the Dungeon.
             The game lasted 00:17:43 (10812 turns).

Monsterracer the Cleaver (Deep Dwarf Skald)        Turns: 10812, Time: 00:17:44

Health: -2/114     AC:  0    Str: 21    XL:     12   Next: 2%
Magic:  12/12      EV: 12    Int: 13    God:    Makhleb [****..]
Gold:   0          SH:  0    Dex: 12    Spells: 14/14 levels left

rFire    . . .     SeeInvis .   (no weapon)
rCold    . . .     Gourm    .   (no shield)
rNeg     . . .     Faith    +   (no armour)
rPois    .         Spirit   .   (no helmet)
rElec    .         Reflect  .   (no cloak)
rCorr    .         Harm     .   (no gloves)
MR       +....                  (no boots)
Stlth    +.........             E - amulet of faith
HPRegen  0.00/turn              (no ring)
MPRegen  0.13/turn              (no ring)

@: non-regenerating
A: damage resistance, heal wounds, sense surroundings 2, no regeneration
a: Heal Wounds, Minor Destruction, Lesser Servant of Makhleb, Major Destruction,
Renounce Religion


You were on level 9 of the Dungeon.
You worshipped Makhleb.
Makhleb was greatly pleased with you.
You were not hungry.

You visited 2 branches of the dungeon, and saw 14 of its levels.

You collected 551 gold pieces.
You spent 551 gold pieces at shops.

Inventory:

Jewellery
 i - an uncursed ring of poison resistance {!d}
 D - an uncursed ring of ice
 E - an amulet of faith (around neck)
Wands
 q - a wand of polymorph (12)
 x - a wand of flame (23)
 y - a wand of acid (9)
 A - a wand of iceblast (34)
Scrolls
 h - a scroll of identify
 n - 3 scrolls of magic mapping {!r}
 o - 4 scrolls of remove curse
 s - a scroll of teleportation {!r}
 w - 3 scrolls of blinking
 C - a scroll of fear {!r}
Potions
 d - 3 potions of cancellation
 f - 2 potions of agility
 g - 2 potions of mutation {!q}
 j - 2 potions of might
 m - a potion of curing
 p - a potion of flight
 r - 2 potions of heal wounds
 t - 3 potions of brilliance
 v - a potion of resistance
 B - a potion of invisibility
 F - a potion of haste
Comestibles
 c - 12 rations


   Skills:
 + Level 9.1 Fighting
   Level 14.0 Axes
 + Level 7.0 Armour
 - Level 2.1 Dodging
 - Level 1.7 Spellcasting
   Level 2.6 Charms
 + Level 11.6 Invocations


You had 14 spell levels left.
You didn't know any spells.
Your spell library contained the following spells:

 Spells                   Type           Power        Failure   Level  Hunger
 Infusion                 Chrm           #...         9%          1    ##.....
 Song of Slaying          Chrm           #.......     13%         2    ###....
 Shroud of Golubria       Chrm/Tloc      #.........   22%         2    ###....
 Spectral Weapon          Hex/Chrm       #.......     41%         3    ####...
 Regeneration             Chrm/Necr      Unusable     N/A         3    N/A

Dungeon Overview and Level Annotations

Branches:
Dungeon (13/15)            Temple (1/1) D:4            Lair (0/6) D:8
    Orc: D:9-12      Vaults: D:13-14

Altars:
Ashenzari
Cheibriados
Dithmenos
Elyvilon
Fedhas
Gozag
Hepliaklqana
Kikubaaqudgha
Makhleb
Nemelex Xobeh
Okawaru
Qazlal
Ru
Sif Muna
Trog
Uskayaw
Vehumet
Xom
Yredelemnul
Zin
The Shining One

Shops:
D:5 (:   D:7 =   D:9 *   D:10 ?   D:13 *

Annotations:
D:7 1 transporter
D:9 Maurice


Innate Abilities, Weirdness & Mutations

You are resistant to damage.
You can heal yourself by infusing magical energy.
You passively map the area around you.
You do not regenerate.


Message History

Key pressed, stopping explore.
There is an open door here.
There is a stone staircase leading up here.
Key pressed, stopping explore.
You are feeling very hungry.
You see here 19 gold pieces.
Key pressed, stopping explore.
Key pressed, stopping explore.
Key pressed, stopping explore.
There is an open door here.
There is an open door here.
Maurice is too close now for your liking.
Maurice is nearby!
You eat one of the 14 rations.
That ration really hit the spot!
You eat one of the 13 rations.
That ration really hit the spot!
Maurice gestures wildly while chanting.
Maurice puts on a burst of speed!
Maurice hits you with a morningstar.
* * * LOW HITPOINT WARNING * * *
Maurice mutters, "Now where did you hide it?"
Maurice casts a spell.
Maurice looks slightly unstable.
Maurice misses you.
You take 3 damage, and have 20/114 hp.
Maurice barely misses you.
Unknown command.
Maurice disappears!
Unknown command.
Unknown command.
You start waiting.
Maurice is too close now for your liking.
Maurice is nearby!
Maurice mumbles some strange words.
Maurice blinks!
Maurice mumbles some strange words.
Maurice flickers and vanishes!
Unknown command.
You hear some strange, mumbled words.
Something hits you.
* * * LOW HITPOINT WARNING * * *
Something grunts, "Curses!"
You hear some strange, mumbled words.
You take 2 damage, and have 18/114 hp.
You hear some strange, mumbled words.
Unknown command.
Unknown command.
Unknown command.
Unknown command.
Unknown command.
Maurice is too close now for your liking.
Maurice is nearby!
Maurice shouts, "HAHA!"
Maurice casts a spell.
Maurice blinks!
There is an open door here.
Maurice casts a spell.
Maurice puts on a burst of speed!
Maurice hits you with a morningstar.
* * * LOW HITPOINT WARNING * * *
Maurice mutters, "Now where did you hide it?"
Maurice mumbles some strange words.
Maurice looks slightly unstable.
You take 3 damage, and have 15/114 hp.
Maurice hits you with a morningstar!
* * * LOW HITPOINT WARNING * * *
Maurice grunts, "Curses!"
Maurice gestures wildly while chanting.
Maurice blinks!
You take 6 damage, and have 9/114 hp.
Maurice disappears!
Unknown command.
Unknown command.
Unknown command.
You start waiting.
Done waiting.
There is a stone staircase leading up here.
You see here a potion of mutation {!q}.
Things that are here:
a scroll of identify; a robe; a dagger
Found a sacrificial altar of Ru.
Found a deep blue altar of Sif Muna.
Found a hazy altar of Hepliaklqana.
Things that are here:
a glowing robe; a dagger of speed
There is an escape hatch in the floor here.
Key pressed, stopping explore.
Things that are here:
a giant spiked club; a giant club Key pressed, stopping explore.
There is a stone staircase leading up here.
You see here an animal skin.
Maurice shouts!
Maurice is too close now for your liking.
Maurice mumbles some strange words.
Maurice blinks!
Maurice says, "Nice gear.
Can I borrow some?"
Maurice misses you. Maurice completely misses you.
Maurice hits you with a morningstar!
You die...

#.............)......$...........
##..........#...........#########
#...............[.......#########
#....[...8....[8........'........
###.#...................#########
#................####.#.# #
....#......>.......##.#.# #
...................##.#.# #
##..#...........@..##.#.# #
.........8.....8@####.#.# #
##..#............####.#.#########
...............................<.
..................##.............
......##.##.#..#####.#######..###
.[.[........#..#####.#### #..#
##.#####.#..#..##.......# #..#
#.# #.#..........#...# #..#


You could see Maurice.

Vanquished Creatures
  Gastronok (D:10)
  A two-headed ogre (D:8)
  A centaur warrior (D:11)
  The ghost of KLATTERAL the Ducker, a novice DsWr (D:6)
  An unseen horror (D:11)
  Pikel (D:9)
  An ugly thing (D:10)
  Joseph (D:7)
  A komodo dragon (D:10)
  2 trolls
  A hornet (D:11)
  3 hippogriffs
  Prince Ribbit (D:6)
  11 yaks
  A spriggan (D:7)
  A wyvern (D:10)
  Eustachio (D:6)
  A hungry ghost (D:12)
  A steam dragon (D:12)
  A water moccasin (D:8)
  2 ice beasts
  4 sky beasts
  An eye of draining (D:11)
  A slave (D:9)
  9 ogres
  A necrophage (D:11)
  6 centaurs
  2 big kobolds
  13 bullfrogs
  A wyvern zombie (D:8)
  4 scorpions
  12 killer bees
  4 howler monkeys
  4 crimson imps
  2 hounds
  A jelly (D:10)
  4 centaur zombies
  7 orc priests
  3 bullfrog skeletons
  2 centaur skeletons
  2 iguanas
  14 orc wizards
  11 worker ants
  A killer bee zombie (D:8)
  A hound skeleton (D:4)
  A worker ant zombie (D:10)
  16 adders
  3 gnolls (D:11)
  A shadow imp (D:11)
  An adder zombie (D:8)
  3 worms
  8 leopard geckos
  30 orcs
  A ball python (D:2)
  6 giant cockroaches
  6 goblins
  10 hobgoblins
  12 jackals
  11 kobolds
  A quokka (D:4)
  10 bats
  4 frilled lizards
  A jackal zombie (D:6)
  2 quokka skeletons
  9 rats
281 creatures vanquished.

Vanquished Creatures (collateral kills)
  A two-headed ogre (D:9)
1 creature vanquished.

Vanquished Creatures (others)
  3 slaves (D:9)
  A hound skeleton (D:9)
4 creatures vanquished.

Grand Total: 286 creatures vanquished

Notes
Turn   | Place    | Note
-------+----------+-------------------------------------------
     0 | D:1      | Monsterracer the Deep Dwarf Skald began the quest for the Orb.
     0 | D:1      | Reached XP level 1. HP: 19/19 MP: 3/3
   324 | D:1      | Reached XP level 2. HP: 23/26 MP: 2/4
   446 | D:1      | Reached skill level 3 in Axes
   811 | D:2      | Reached XP level 3. HP: 22/32 MP: 5/5
   824 | D:2      | HP: 15/32 [worm (3)]
   834 | D:2      | HP: 13/32 [adder (2)]
   846 | D:2      | HP: 9/33 [hobgoblin/club (4)]
   964 | D:2      | HP: 6/33 [adder (3)]
   967 | D:2      | Reached skill level 4 in Axes
  1029 | D:2      | Reached XP level 4. HP: 38/40 MP: 0/5
  1459 | D:3      | HP: 18/42 [orc/falchion of electrocution (7)]
  1479 | D:3      | Reached skill level 5 in Axes
  1479 | D:3      | Reached XP level 5. HP: 33/49 MP: 6/6
  2335 | D:4      | Found a staircase to the Ecumenical Temple.
  2346 | Temple   | Entered the Ecumenical Temple
  2376 | Temple   | Became a worshipper of Makhleb the Destroyer
  2489 | D:4      | HP: 23/49 [worker ant (4)]
  2793 | D:4      | Reached skill level 1 in Invocations
  2793 | D:4      | Reached XP level 6. HP: 39/56 MP: 6/6
  3005 | D:4      | Reached skill level 6 in Axes
  3064 | D:4      | Got a faintly humming scale mail
  3157 | D:4      | Identified the cursed +0 scale mail "Nojis" {rPois MR+ Int+6} (You found it on level 4 of the Dungeon)
  3618 | D:5      | Entered Level 5 of the Dungeon
  3688 | D:5      | Reached XP level 7. HP: 55/63 MP: 7/7
  3823 | D:5      | Found Barei's Book Shoppe.
  4130 | D:5      | Got a pitted dagger
  4202 | D:5      | Reached skill level 7 in Axes
  4318 | D:5      | Found Esesasirgh's Antique Weapon Shoppe.
  4436 | D:6      | Reached * piety under Makhleb
  4533 | D:6      | HP: 33/66 [centaur (2)]
  4536 | D:6      | Reached XP level 8. HP: 42/73 MP: 9/9
  4554 | D:6      | Reached skill level 8 in Axes
  4630 | D:6      | Reached skill level 5 in Fighting
  4630 | D:6      | Reached skill level 5 in Invocations
  4637 | D:6      | Found a transporter.
  4639 | D:6      | Found a transporter.
  4639 | D:6      | Noticed KLATTERAL's ghost (novice DsWr)
  4664 | D:6      | Got an ancient dire flail {crush}
  4665 | D:6      | Identified the +5 dire flail "Xiujam" {crush, +Blink rN+ Int-3 Dex+3} (You took it off an ogre on level 6 of the Dungeon)
  4702 | D:6      | HP: 32/74 [KLATTERAL's ghost (8)]
  4704 | D:6      | Killed KLATTERAL's ghost
  4704 | D:6      | Reached skill level 9 in Axes
  4704 | D:6      | Gained mutation: You passively map the area around you. [Deep Dwarf growth]
  4704 | D:6      | Reached XP level 9. HP: 33/82 MP: 10/10
  4855 | D:6      | Noticed Eustachio
  4855 | D:6      | Noticed Prince Ribbit
  4868 | D:6      | Killed Eustachio
  4868 | D:6      | Reached skill level 10 in Axes
  4873 | D:6      | Killed Prince Ribbit
  5089 | D:7      | Found Jyid's Jewellery Emporium.
  5198 | D:7      | Reached ** piety under Makhleb
  5436 | D:7      | Noticed Joseph
  5458 | D:7      | Killed Joseph
  5458 | D:7      | Reached skill level 11 in Axes
  5533 | D:7      | HP: 38/85 [killer bee (7)]
  5584 | D:7      | Found a transporter.
  5862 | D:8      | Reached XP level 10. HP: 69/92 MP: 12/12
  5977 | D:8      | Found a shattered altar of Ashenzari.
  6029 | D:8      | Noticed a two-headed ogre
  6038 | D:8      | HP: 70/141 [two-headed ogre/giant club (10)]
  6042 | D:8      | Killed a two-headed ogre
  6356 | D:8      | Found a staircase to the Lair.
  6809 | D:9      | Found Caneutaa's Elemental Accessories.
  6820 | D:9      | Noticed Pikel
  6833 | D:9      | Killed Pikel
  6833 | D:9      | Reached skill level 12 in Axes
  6865 | D:9      | Reached *** piety under Makhleb
  6983 | D:9      | Noticed Maurice
  7016 | D:9      | Noticed a two-headed ogre
  7039 | D:10     | Entered Level 10 of the Dungeon
  7278 | D:10     | Reached skill level 10 in Invocations
  7330 | D:10     | Reached XP level 11. HP: 103/103 MP: 12/12
  7343 | D:10     | Found Ogimiol's Magic Scroll Shop.
  7346 | D:10     | Bought a scroll of enchant weapon for 97 gold pieces
  7346 | D:10     | Bought a scroll of teleportation for 39 gold pieces
  7346 | D:10     | Bought a scroll of teleportation for 39 gold pieces
  7359 | D:10     | Got a dazzling trident
  7370 | D:10     | Noticed Gastronok
  7389 | D:10     | Killed Gastronok
  7389 | D:10     | Reached **** piety under Makhleb
  7389 | D:10     | Reached skill level 13 in Axes
  7389 | D:10     | Reached skill level 5 in Armour
  7541 | D:10     | Identified the +10 trident "Niacra Omny" {freeze, rF++} (You found it on level 10 of the Dungeon)
  7645 | D:10     | You fall through a shaft for 3 floors!
  7686 | D:13     | Found Lybo's General Store.
  7692 | D:13     | Bought a scroll of teleportation for 39 gold pieces
  7692 | D:13     | Bought a scroll of blinking for 97 gold pieces
  7692 | D:13     | Bought a scroll of enchant weapon for 97 gold pieces
  7692 | D:13     | Bought a potion of curing for 39 gold pieces
  7692 | D:13     | Bought a potion of invisibility for 104 gold pieces
  7745 | D:13     | Noticed an orc knight
  8182 | D:11     | Noticed a centaur warrior
  8184 | D:11     | Noticed a red ugly thing
  8185 | D:11     | HP: 50/104 [centaur warrior/arrow (14)]
  8189 | D:11     | HP: 22/104 [centaur/arrow[a centaur warrior] (4)]
  8195 | D:10     | HP: 33/104 [komodo dragon (9)]
  8315 | D:11     | HP: 42/104 [red ugly thing (19)]
  8323 | D:10     | HP: 31/104 [red ugly thing (11)]
  8324 | D:10     | Killed a red ugly thing
  8329 | D:11     | HP: 43/104 [hippogriff (1)]
  8336 | D:11     | HP: 45/104 [centaur warrior/arrow (7)]
  8346 | D:11     | Killed a centaur warrior
  8425 | D:11     | Killed an unseen horror
  8440 | D:11     | Reached ***** piety under Makhleb
  8455 | D:11     | Got a shimmering steel amulet
  8627 | D:11     | Reached skill level 14 in Axes
  8906 | D:9      | HP: 52/106 [worker ant (6)]
  8911 | D:9      | Reached XP level 12. HP: 56/114 MP: 13/13
  8936 | D:9      | HP: 44/114 [something (11)]
  8947 | D:9      | HP: 34/114 [something (10)]
  9060 | D:9      | Killed a two-headed ogre
  9071 | D:9      | Found a hide-covered altar of Uskayaw.
  9184 | D:9      | Found a basalt altar of Yredelemnul.
  9327 | D:9      | HP: 52/114 [something (15)]
  9360 | D:9      | HP: 48/114 [something (4)]
  9380 | D:9      | HP: 34/114 [something (8)]
 10149 | D:9      | Found Caneutaa's Elemental Accessories.
 10311 | D:9      | Found a hide-covered altar of Uskayaw.
 10320 | D:9      | Found a basalt altar of Yredelemnul.
 10370 | D:9      | HP: 20/114 [Maurice/morningstar (3)]
 10420 | D:9      | HP: 18/114 [something (2)]
 10476 | D:9      | HP: 15/114 [Maurice/morningstar (3)]
 10606 | D:9      | Found a sacrificial altar of Ru.
 10623 | D:9      | Found a deep blue altar of Sif Muna.
 10626 | D:9      | Found a hazy altar of Hepliaklqana.
 10812 | D:9      | Slain by Maurice

Skill      XL: |  1  2  3  4  5  6  7  8  9 10 11 12 |
---------------+-------------------------------------+-----
Fighting       | 2 3 4 5 6 7 9 |  9.1
Axes           | 3 4 5 6 7 9 11 12 14 | 14.0
Invocations    | 1 2 4 6 8 10 11 | 11.6
Armour         | 4 6 7 |  7.0
Dodging        | |  2.1
Spellcasting   | |  1.7
Charms         | |  2.6

Action                   |  1- 3 |  4- 6 |  7- 9 | 10-12 || total
-------------------------+-------+-------+-------+-------++-------
Melee: Hand axe          |   119 |   212 |   254 |   365 ||   950
       Unarmed           |       |       |       |     1 ||     1
 Cast: Infusion          |    14 |       |       |       ||    14
Invok: Minor Destruction |       |       |       |     8 ||     8
       Lesser Servant of |       |       |       |     2 ||     2
       Greater Servant o |       |       |       |     1 ||     1
 Abil: Heal Wounds       |     1 |     3 |     5 |     9 ||    18
       Evoke Berserk Rag |       |     1 |     1 |     1 ||     3
Evoke: Wand              |       |       |       |     4 ||     4
  Use: Scroll            |       |    14 |     9 |     9 ||    32
  Eat: Chunk             |     1 |     9 |     8 |    12 ||    30
       Ration            |       |       |       |     3 ||     3
Armor: Leather armour    |    40 |    19 |       |       ||    59
       Chain mail        |       |    91 |       |       ||    91
       Scale mail        |       |     4 |    95 |       ||    99
       Plate armour      |       |       |     5 |   238 ||   243
Dodge: Dodged            |   114 |   105 |    99 |   114 ||   432

Vault maps used:
D:1:      lemuel_arrival_room
D:2:      serial_bayou_pond_a
D:3:      first_ration
D:4:      minmay_temple_entry_glass
D:5:      serial_shops, shop, shop, minmay_misc_feat_rows, st_stairs_8,
          nicolae_underground_beach
D:6:      gammafunk_ghost_smash, uniq_prince_ribbit1, uniq_eustachio
D:7:      gammafunk_corrupted_shrine, serial_shops, nicolae_shop_stone,
          the_bakery, uniq_joseph
D:8:      cheibrodos_quashed, evilmike_ruin_ashenzari, lair_entry_dummy
D:9:      yredelemnul_altar_generic, kennysheep_mini,
          nicolae_overflow_hidden_temple, st_stairs_1, nicolae_elemental_shop,
          uniq_maurice, uniq_pikel
D:10:     cheibrodos_iron_armory, serial_shops, nicolae_shop_behind_doors,
          uniq_gastronok
D:12:     orc_0_dummy, uniq_fannar
D:13:     david_vaults_3, serial_shops, nicolae_shop_crystal
Temple:   regret_index_temple_waves
